 Dungeon Crawl Stone Soup version 0.25-a0-861-g340c9e8194 (webtiles) character file.

Game seed: 16615168761047811113, levelgen mode: classic

291 EnegeticOcto the Chopper (level 6, 34/57 HPs)
             Began as a Deep Dwarf Fighter on Apr 29, 2020.
             Quit the game in the Ecumenical Temple.
             The game lasted 00:01:19 (1245 turns).

EnegeticOcto the Chopper (Deep Dwarf Fighter)       Turns: 1245, Time: 00:01:20

Health: 34/57      AC:  6    Str: 21    XL:     6   Next: 10%
Magic:  5/5        EV:  7    Int:  9    God:
Gold:   61         SH:  9    Dex: 12    Spells: 5/5 levels left

rFire    . . .     SeeInvis .   n - -1 hand axe (curse)
rCold    . . .     Gourm    .   c - +0 kite shield
rNeg     . . .     Faith    .   b - +0 scale mail
rPois    .         Spirit   .   (no helmet)
rElec    .         Reflect  .   (no cloak)
rCorr    .         Harm     .   (no gloves)
MR       .....                  (no boots)
Stlth    ..........             (no amulet)
HPRegen  0.00/turn              (no ring)
MPRegen  0.09/turn              (no ring)

@: non-regenerating, heavily drained
A: damage resistance, heal wounds, sense surroundings 1, no regeneration
a: Heal Wounds


You were in the Ecumenical Temple.
You were hungry.

You visited 2 branches of the dungeon, and saw 5 of its levels.

You collected 61 gold pieces.

Inventory:

Hand Weapons
 a - a +1 war axe
 n - a cursed -1 hand axe (weapon)
Armour
 b - a +0 scale mail (worn)
 c - a +0 kite shield (worn)
Scrolls
 g - 2 scrolls of identify {@r1}
 i - a scroll of magic mapping {@r5}
Potions
 d - 3 potions of heal wounds {@q2}
 h - a potion of invisibility
 k - a potion of might {@q3}
 l - a potion of berserk rage {unknown}
Comestibles
 e - 6 rations


   Skills:
 * Level 4.1(2.6) Fighting
 * Level 4.5(3.0) Axes
 + Level 4.2(2.8) Armour
 + Level 4.2(2.7) Shields


You had 5 spell levels left.
You didn't know any spells.
Your spell library was empty.

Dungeon Overview and Level Annotations

Branches:
Dungeon (4/15)             Temple (1/1) D:4

Altars:
Ashenzari
Elyvilon
Fedhas
Hepliaklqana
Nemelex Xobeh
Okawaru
Sif Muna
Uskayaw
Vehumet
Wu Jian
Zin
The Shining One

Shops:
D:4 (


Innate Abilities, Weirdness & Mutations

You are resistant to damage.
You can heal yourself by infusing magical energy.
You passively map a small area around you.
You do not regenerate.


Message History

g - 2 scrolls of identify {@r1} (gained 1)
Your magical contamination has completely faded away.
i - a scroll labeled GIOCLY GINO An adder comes into view.
The adder hisses angrily.
An adder is nearby!
An adder is nearby!
An adder is nearby!
An adder is nearby!
An adder is nearby!
An adder is nearby!
An adder is nearby!
You barely miss the adder. The adder bites you but does no damage.
You hit the adder but do no damage. The adder bites you but does no damage.
You block the adder's attack.
You closely miss the adder. The adder barely misses you.
Your shield prevents you from hitting the adder.
You block the adder's attack. The adder bites you.
You are poisoned.
The adder poisons you!
You hit the adder but do no damage. The adder bites you but does no damage.
You hit the adder.
The adder is moderately wounded.
The adder bites you. You block the adder's attack.
You slash the adder!
You kill the adder!
No target in view!
No target in view!
No target in view!
No target in view!
Found a stone staircase leading down.
Some of the chunks of flesh in your inventory have rotted away.
Found a staircase to the Ecumenical Temple.
i - 2 scrolls labeled GIOCLY GINO (gained 1)
You are no longer poisoned.
You now have 54 gold pieces (gained 14).
There is a fountain of clear blue water here.
You now have 61 gold pieces (gained 7).
Eating one of 11 chunks of flesh.
You eat one of the 11 chunks of flesh.
This raw flesh tastes terrible.
Found a shattered altar of Ashenzari.
Found a leather armour.
Found an escape hatch in the ceiling.
No target in view!
No target in view!
No target in view!
No target in view!
No target in view!
No target in view!
No target in view!
No target in view!
No target in view!
No target in view!
No target in view!
No target in view!
No target in view!
No target in view!
No target in view!
No target in view!
No target in view!
No target in view!
As you read the scroll labeled GIOCLY GINO, it crumbles to dust.
You feel aware of your surroundings.
It was a scroll of magic mapping.
There is a fountain of clear blue water here.
There is a staircase to the Ecumenical Temple here.
You can't go up here!
You climb downwards.
Welcome to the Ecumenical Temple!
Found a glowing silver altar of Zin and a hazy altar of Hepliaklqana.
There is a staircase back to the Dungeon here.
Found a glowing golden altar of the Shining One.
Found an iron altar of Okawaru.
There is a glowing silver altar of Zin here.
Found a hide-covered altar of Uskayaw.
Found a white marble altar of Elyvilon.
Found a blossoming altar of Fedhas.
Found an ornate altar of the Wu Jian Council.
Found a shimmering blue altar of Sif Muna.
Some of the chunks of flesh in your inventory have rotted away.
There is a fountain of clear blue water here.
Some of the chunks of flesh in your inventory have rotted away.
All of the chunks of flesh in your inventory have rotted away.
There is a hazy altar of Hepliaklqana here.
You are feeling hungry.
Partly explored, can't reach some places.
There is a white marble altar of Elyvilon here.
Why would you want to do that? Why would you want to do that?
Why would you want to do that?
Unknown command.
Unknown command.
Partly explored, can't reach some places.
Partly explored, can't reach some places.
Partly explored, can't reach some places.
Partly explored, can't reach some places.
Unknown command.
Partly explored, can't reach some places.
Unknown command.
Search for what [Enter for "."]? mak Can't find anything matching that.
Are you sure you want to abandon this character and quit the game? (Confirm with "yes".)

......................≈§§§§≈≈§≈§≈
.......................≈§§§§§≈≈≈≈
.....⌠............._....§§§≈≈≈§§§
.........................≈§§≈≈§≈≈
..........................≈≈≈≈§§§
...........................≈≈≈≈§§
.§.........._..........⌠....≈≈≈§§
..§...............§...§.§.§§≈≈≈≈§
................@.§...§§§§.≈§≈§≈§
≈§≈§≈≈≈≈≈≈≈≈≈≈§≈≈≈≈§§§§≈§§§§≈≈§≈≈
§§≈≈≈≈≈≈≈≈≈≈≈≈≈≈≈≈≈≈§≈≈§§≈≈§≈§≈≈≈
≈≈≈§§≈≈≈≈≈≈≈≈≈≈≈≈≈≈§§§≈≈≈≈§≈≈≈≈≈≈
≈§§§≈§≈§≈≈≈§≈≈≈≈≈≈§≈≈≈≈≈≈≈≈≈≈§§≈§
≈§≈§≈§§≈≈≈≈≈≈≈≈≈§≈≈≈≈≈§≈§§≈§≈≈§≈§
≈§≈§≈≈≈≈≈§≈≈§≈§≈§≈≈≈≈§§≈≈≈≈§≈§§§§
§≈§§§§§≈≈§≈≈≈≈§§≈§§≈≈≈≈≈≈≈§§§≈ ≈
≈ ≈ ≈


There were no monsters in sight!

Vanquished Creatures
  2 big kobolds (D:3)
  An orc wizard (D:4)
  Jessica (D:3)
  An iguana (D:4)
  An adder (D:4)
  A worm (D:3)
  An adder skeleton (D:4)
  2 dart slugs
  A leopard gecko (D:3)
  6 orcs
  2 giant cockroaches
  4 goblins
  7 hobgoblins
  5 jackals
  A ball python (D:2)
  3 bats
  A frilled lizard (D:1)
  10 kobolds
  4 rats
54 creatures vanquished.

Notes
Turn   | Place    | Note
-------+----------+-------------------------------------------
     0 | D:1      | EnegeticOcto the Deep Dwarf Fighter began the quest for the
                  | Orb.
     0 | D:1      | Reached XP level 1. HP: 20/20 MP: 1/1
   212 | D:1      | Reached XP level 2. HP: 21/27 MP: 2/2
   233 | D:2      | Found a radiant altar of Vehumet.
   241 | D:2      | Found a sparkling altar of Nemelex Xobeh.
   467 | D:3      | Reached XP level 3. HP: 33/34 MP: 2/2
   474 | D:3      | Noticed Jessica
   491 | D:3      | Killed Jessica
   531 | D:3      | Noticed a big kobold
   547 | D:3      | Noticed a big kobold
   550 | D:3      | Killed a big kobold
   550 | D:3      | Reached XP level 4. HP: 38/43 MP: 3/3
   564 | D:3      | Killed a big kobold
   564 | D:3      | Reached XP level 5. HP: 38/50 MP: 4/4
   740 | D:4      | Found Hexauq's Weapon Shop.
   777 | D:4      | Reached XP level 6. HP: 39/57 MP: 5/5
   853 | D:4      | Found a staircase to the Ecumenical Temple.
   875 | D:4      | Found a shattered altar of Ashenzari.
   894 | Temple   | Entered the Ecumenical Temple
  1245 | Temple   | Quit the game

Levels and vault maps discovered:
D:1:      arrival_zaba_pyramid, layout_basic, minmay_worlds_worst_comb
D:2:      layout_loops_ring, vehumet_crystals, nicolae_overflow_hidden_temple,
          nemelex_xobeh_ov_fountains_minmay
D:3:      cheibrodos_thug_alley, layout_basic, marbit_many_paths, uniq_jessica
D:4:      layout_basic, ashenzari_conservatory_becter,
          minmay_temple_entry_junction, first_ration, serial_shops, shop_statue
Temple:   compressed_dpeg_triangle_lava_temple

Skill      XL: |  1  2  3  4  5 |
---------------+----------------+-----
Fighting       | 3 4 |  4.1
Axes           | 3 4 |  4.5
Armour         | 4 |  4.2
Shields        | 4 |  4.2

Action                   |  1- 3 |  4- 6 || total
-------------------------+-------+-------++-------
Melee: War axe           |   107 |    62 ||   169
       Hand axe          |       |     7 ||     7
 Abil: Heal Wounds       |     2 |     1 ||     3
  Use: Scroll            |       |     6 ||     6
  Eat: Chunk             |       |     1 ||     1
Armor: Scale mail        |    45 |    45 ||    90
Dodge: Dodged            |    36 |    45 ||    81
Block: Kite shield       |    56 |    49 ||   105

Table legend:
 A = Non-vault XP
 B = Vault XP
 C = Vault XP percentage of total XP
 D = Non-vault monster count
 E = Vault monster count
 F = Vault count percentage of total count
                 A         B        C        D         E       F
            +---------+---------+-------+---------+---------+-------
      Total |     172 |     244 |  58.7 |      41 |      13 |  24.1
            +---------+---------+-------+---------+---------+-------
        D:1 |      13 |       0 |   0.0 |       9 |       0 |   0.0
        D:2 |      15 |       0 |   0.0 |       8 |       0 |   0.0
        D:3 |      29 |     244 |  89.4 |      12 |      13 |  52.0
        D:4 |     115 |       0 |   0.0 |      12 |       0 |   0.0
            +---------+---------+-------+---------+---------+-------
